 Dungeon Crawl Stone Soup version 0.24-a0-784-g601f8f6d22 (webtiles) character file.

Game seed: 10061399654172969504, levelgen mode: deterministic

1570 Johnny the Digger (level 8, -5/66 HPs)
             Began as a Demigod Earth Elementalist on Oct 9, 2019.
             Slain by an orc warrior
             ... wielding a +0 halberd
              (23 damage)
             ... on level 6 of the Dungeon.
             The game lasted 00:07:06 (5103 turns).

Johnny the Digger (Demigod Earth Elementalist)      Turns: 5103, Time: 00:07:07

Health: -5/66      AC:  7    Str: 11    XL:     8   Next: 33%
Magic:  0/18       EV: 21    Int: 23    God:
Gold:   171        SH:  0    Dex: 16    Spells: 2/15 levels left

rFire    . . .     SeeInvis .   i - +0 short sword
rCold    . . .     Gourm    .   (no shield)
rNeg     . . .     Faith    .   w - +3 robe of Huqen {*Corrode +Inv MR+ Stlth+}
rPois    .         Spirit   .   o - +0 helmet
rElec    .         Reflect  .   (no cloak)
rCorr    .         Harm     .   p - +0 pair of gloves
MR       +....                  (no boots)
Stlth    +++.......             (no amulet)
HPRegen  0.21/turn              f - +6 ring of evasion
MPRegen  0.16/turn              (no ring)

@: about to teleport
A: high mp 1
a: Evoke Invisibility


You were on level 6 of the Dungeon.
You were near starving.

You visited 1 branch of the dungeon, and saw 6 of its levels.

You collected 171 gold pieces.

Inventory:

Hand Weapons
 i - a +0 short sword (weapon)
Armour
 o - a +0 helmet (worn)
 p - a +0 pair of gloves (worn)
 t - a +2 robe of positive energy
 w - the +3 robe of Huqen (worn) {*Corrode +Inv MR+ Stlth+}
   (You found it on level 5 of the Dungeon)

   It affects your resistance to hostile enchantments.
   It lets you turn invisible.
   It may corrode you when you take damage.
   It makes you more stealthy.
Jewellery
 f - a +6 ring of evasion (left hand)
Wands
 s - a wand of polymorph (2)
Scrolls
 a - a scroll of immolation
 b - a scroll of magic mapping {unknown}
 g - a scroll of fog
 h - 2 scrolls of enchant armour
 j - a scroll of remove curse
 m - a scroll of teleportation
 r - a scroll of fear
 u - a scroll of amnesia
Potions
 c - a potion of berserk rage
 e - a potion of flight {unknown}
 k - a potion of might {unknown}
 l - 6 potions of curing
 n - 2 potions of brilliance
 q - a potion of magic {unknown}
Comestibles
 d - 11 rations


   Skills:
 + Level 4.1 Fighting
 + Level 4.7 Dodging
 - Level 1.7 Stealth
 + Level 4.3 Spellcasting
 - Level 0.8 Transmutations
 * Level 6.9 Earth Magic


You had 2 spell levels left.
You knew the following spells:

 Your Spells              Type           Power        Failure   Level  Hunger
a - Sandblast             Erth           #####.       1%          1    None
b - Stone Arrow           Conj/Erth      ###...       8%          3    ##.....
c - Lee's Rapid Deconstr  Erth           #####.....   17%         5    #####..
d - Petrify               Tmut/Erth      ###.....     21%         4    ####...

Your spell library contained the following spells:

 Spells                   Type           Power        Failure   Level  Hunger
 Passwall                 Tmut/Erth      ###.....     3%          2    None
 Animate Skeleton         Necr           N/A          10%         1    None
 Pain                     Necr           #...         10%         1    None
 Regeneration             Chrm/Necr      #.........   30%         3    ##.....
 Vampiric Draining        Necr           #.........   30%         3    ##.....
 Animate Dead             Necr           N/A          69%         4    ####...


Dungeon Overview and Level Annotations

Branches:
Dungeon (6/15)             Temple (0/1) D:5


Innate Abilities, Weirdness & Mutations

You have an increased reservoir of magic. (+10% MP)


Message History

A rock wall.
The wall shatters!
The blast of rock fragments hits the orc warrior but does no damage.
The orc warrior is lightly wounded.
The blast of rock fragments hits the bullfrog!!
You kill the bullfrog!
You are near starving!
The hound misses you. The orc warrior misses you.
The orc priest mumbles some strange prayers to Beogh against you.
Beogh smites you!
The bullfrog hits you but does no damage.
Unknown command.
The hound closely misses you.
Found a mace.
The hound misses you.
As you read the scroll of teleportation, it crumbles to dust.
You feel strangely unstable. The hound bites you.
* * * LOW HITPOINT WARNING * * *
The orc warrior hits you from afar with a +0 halberd!!
You die...

##)......## ..
##...F.............
#.......##.....)...
#o!####..._...#
##.o##........ ##
#............ ..##
##...##.....#
...^###..###..#..##
.........##..# #@.##(#
.......#.....###h....#
.......†#.....#o.#..##
..........o..F(F....#
...#........#...#...#
..##.......###.##..##
.##........# ### ###
...........#
...........#


You could see an orc warrior, a bullfrog and a hound.

Vanquished Creatures
  Sigmund (D:2)
  Eustachio (D:5)
  An ogre (D:4)
  A centaur (D:5)
  A bullfrog (D:6)
  A scorpion (D:4)
  A howler monkey (D:5)
  2 crimson imps (D:5)
  2 bullfrog zombies (D:5)
  A jelly (D:6)
  5 orc wizards
  A hound (D:4)
  7 orc priests
  Jessica (D:3)
  Ijyb (D:5)
  3 worker ants (D:4)
  A killer bee zombie (D:5)
  A worker ant zombie (D:5)
  3 gnolls (D:4)
  9 adders
  A shadow imp (D:5)
  2 oozes
  7 worms
  3 dart slugs
  7 leopard geckos
  12 orcs
  6 bats
  3 giant cockroaches
  7 goblins
  15 hobgoblins
  17 kobolds
  2 quokkas
  3 frilled lizards
  6 rats
135 creatures vanquished.

Notes
Turn   | Place    | Note
-------+----------+-------------------------------------------
     0 | D:1      | Johnny the Demigod Earth Elementalist began the quest for
                  | the Orb.
     0 | D:1      | Reached XP level 1. HP: 14/14 MP: 5/5
   152 | D:1      | Reached XP level 2. HP: 22/22 MP: 1/7
   164 | D:1      | Reached skill level 3 in Earth Magic
   768 | D:2      | Reached XP level 3. HP: 27/27 MP: 2/8
   799 | D:2      | Reached skill level 1 in Fighting
   836 | D:2      | Noticed Sigmund
  1024 | D:2      | Killed Sigmund
  1024 | D:2      | Reached skill level 4 in Earth Magic
  1024 | D:2      | Reached XP level 4. HP: 27/36 MP: 1/10
  1024 | D:2      | Reached XP level 5. HP: 30/41 MP: 1/11
  2088 | D:3      | Reached XP level 6. HP: 40/48 MP: 8/13
  2201 | D:3      | Noticed Jessica
  2204 | D:3      | Killed Jessica
  2891 | D:4      | Reached skill level 5 in Earth Magic
  3154 | D:4      | Reached XP level 7. HP: 56/56 MP: 9/15
  3196 | D:4      | Learned a level 3 spell: Stone Arrow
  3202 | D:4      | Learned a level 5 spell: Lee's Rapid Deconstruction
  3833 | D:5      | Entered Level 5 of the Dungeon
  4000 | D:5      | Reached skill level 6 in Earth Magic
  4119 | D:5      | Found a staircase to the Ecumenical Temple.
  4186 | D:5      | Reached XP level 8. HP: 28/66 MP: 12/17
  4574 | D:5      | Noticed Ijyb
  4621 | D:5      | Killed Ijyb
  4750 | D:5      | Noticed Eustachio
  4767 | D:5      | Killed Eustachio
  4930 | D:5      | Got a fabulously ornate robe
  4941 | D:5      | Identified the +3 robe of Huqen {*Corrode +Inv MR+ Stlth+}
                  | (You found it on level 5 of the Dungeon)
  4969 | D:6      | Found a shadowy altar of Dithmenos.
  5065 | D:6      | Learned a level 4 spell: Petrify
  5103 | D:6      | Slain by an orc warrior

Levels and vault maps discovered:
D:1:      onia_arrival_pentagram, layout_basic, serial_bayou_pond_e,
          grunt_decor_arrowhead, minmay_hexomino_c4
D:2:      minmay_angry_zag, layout_loops_ring, uniq_sigmund
D:3:      layout_basic, uniq_jessica
D:4:      layout_gridville, first_ration, hangedman_abyss_or_decor_passed
D:5:      layout_basic, minmay_temple_entry_large_hall, uniq_ijyb,
          uniq_eustachio
D:6:      layout_cave_pools, nicolae_dithmenos_shadow_blocks

Skill      XL: |  1  2  3  4  5  6  7  8 |
---------------+-------------------------+-----
Dodging        | 2 3 4 |  4.7
Earth Magic    | 3 4 5 6 |  6.9
Spellcasting   | 2 3 4 |  4.3
Fighting       | 1 2 3 4 |  4.1
Stealth        | |  1.7
Transmutations | |  0.8

Action                   |  1- 3 |  4- 6 |  7- 9 || total
-------------------------+-------+-------+-------++-------
Melee: Short sword       |    47 |   178 |   157 ||   382
       Unarmed           |     1 |       |    12 ||    13
 Cast: Sandblast         |    32 |    55 |    57 ||   144
       Stone Arrow       |       |       |    11 ||    11
       Lee's Rapid Decon |       |       |     4 ||     4
  Use: Scroll            |       |     7 |     5 ||    12
       Potion            |       |       |     1 ||     1
 Stab: Sleeping          |     3 |     7 |     3 ||    13
       Distracted        |       |       |     1 ||     1
  Eat: Chunk             |       |     8 |     6 ||    14
Armor: Robe              |     6 |    27 |    39 ||    72
       Skin              |       |       |     1 ||     1
Dodge: Dodged            |    50 |   199 |   214 ||   463

Table legend:
 A = Non-vault XP
 B = Vault XP
 C = Vault XP percentage of total XP
 D = Non-vault monster count
 E = Vault monster count
 F = Vault count percentage of total count
                 A         B        C        D         E       F
            +---------+---------+-------+---------+---------+-------
      Total |    1718 |     525 |  23.4 |     120 |      15 |  11.1
            +---------+---------+-------+---------+---------+-------
        D:1 |      31 |      15 |  32.6 |      16 |       8 |  33.3
        D:2 |     135 |     229 |  62.9 |      32 |       4 |  11.1
        D:3 |      64 |      37 |  36.6 |      23 |       1 |   4.2
        D:4 |     656 |       0 |   0.0 |      23 |       0 |   0.0
        D:5 |     650 |     244 |  27.3 |      21 |       2 |   8.7
        D:6 |     182 |       0 |   0.0 |       5 |       0 |   0.0
            +---------+---------+-------+---------+---------+-------
